 Dungeon Crawl Stone Soup version 0.31-a0-4-gefa6de2278 (webtiles) character file.

Game seed: 10252773821356452468

774 Ijustatesigmund the Destroyer (level 7, -4/56 HPs)
             Began as a Gnoll Conjurer on May 4, 2023.
             Killed from afar by an orc wizard (7 damage)
             ... with a magic dart
             ... on level 4 of the Dungeon.
             The game lasted 00:09:08 (3501 turns).

Ijustatesigmund the Destroyer (Gnoll Conjurer)      Turns: 3501, Time: 00:09:09

Health: -4/56      AC:  5    Str:  6    XL:     7   Next: 84%
Magic:  2/17       EV: 14    Int: 19    God:
Gold:   132        SH:  0    Dex: 11    Spells: 10/20 levels left

rFire   + . .        d - +0 spear
rCold   + + .        (no shield)
rNeg    . . .        a - +2 robe {rC+}
rPois   +            e - +0 helmet
rElec   +            (no cloak)
rCorr   +            (no gloves)
SInv    .            (no boots)
Will    .....        (no amulet)
Stlth   +++          (no ring)
HPRegen 0.29/turn    (no ring)
MPRegen 0.15/turn

%: no passive effects
@: resistant
A: fangs 1, strong nose, distributed training
a: no special abilities


You were on level 4 of the Dungeon.
You visited 1 branch of the dungeon, and saw 4 of its levels.

You collected 132 gold pieces.

Inventory:

Hand Weapons
 d - a +0 spear (weapon)
Armour
 a - a +2 robe of cold resistance (worn)
 c - the +0 leather armour "Ulu Neon" {Slay+5}
   (You found it on level 3 of the Dungeon)

   Slay:      It affects your accuracy & damage with ranged weapons and melee
   (+5).
 e - a +0 helmet (worn)


   Skills:
 + Level 5.1 Fighting
 + Level 5.1 Short Blades
 + Level 5.1 Long Blades
 + Level 5.1 Axes
 + Level 5.1 Maces & Flails
 + Level 5.1 Polearms
 + Level 5.1 Staves
 + Level 5.1 Ranged Weapons
 + Level 5.1 Throwing
 + Level 5.1 Armour
 + Level 7.0 Dodging
 + Level 6.7 Stealth
 + Level 5.1 Shields
 + Level 5.1 Unarmed Combat
 + Level 7.2 Spellcasting
 + Level 8.4 Conjurations
 + Level 4.2 Hexes
 + Level 4.2 Summonings
 + Level 4.2 Necromancy
 + Level 4.2 Translocations
 + Level 4.2 Transmutations
 + Level 4.2 Fire Magic
 + Level 4.2 Ice Magic
 + Level 4.2 Air Magic
 + Level 4.2 Earth Magic
 + Level 4.2 Poison Magic
 + Level 5.6 Invocations
 + Level 5.1 Evocations


You had 10 spell levels left.
You knew the following spells:

 Your Spells              Type           Power      Damage    Failure   Level
a - Magic Dart            Conj           100%       1d8       1%          1
b - Searing Ray           Conj           76%        2d7       1%          2
c - Iskenderun's Mystic   Conj/Tloc      30%        2d8       8%          4
d - Mephitic Cloud        Conj/Pois/Air  28%        N/A       3%          3

Your spell library contained the following spells:

 Spells                   Type           Power      Damage    Failure   Level
 Apportation              Tloc           46%        N/A       1%          1
 Necrotise                Necr           92%        1d8       1%          1
 Summon Small Mammal      Summ           92%        N/A       1%          1
 Poisonous Vapours        Pois/Air       46%        N/A       2%          2
 Dazzling Flash           Conj/Hex       60%        N/A       2%          3
 Fulminant Prism          Conj/Hex       15%        3d10      8%          4
 Freezing Cloud           Conj/Ice/Air   14%        6-21      26%         5


Dungeon Overview and Level Annotations

Branches:
Dungeon (4/15)
 Temple: D:4-7

Altars:
Kikubaaqudgha


Innate Abilities, Weirdness & Mutations

You have very sharp teeth.
Your uncanny sense of smell can sniff out nearby items.
Your experience applies equally to all skills.


Message History

The orc wizard hits you but does no damage.
The hound bites you but does no damage.
You hit the orc wizard but do no damage.
Your bite misses the orc wizard.
The orc wizard is lightly wounded.
The hound misses you. The orc wizard barely misses you.
You barely miss the orc wizard. Your bite misses the orc wizard.
The orc wizard is lightly wounded.
You feel less confused. The hound bites you.
* * * LOW HITPOINT WARNING * * *
The orc wizard hits you with a +0 dagger.
* * * LOW HITPOINT WARNING * * *
The hound barely misses you.
Casting: Iskenderun's Mystic Blast (dangerous; 8% risk of failure)
Confirm with . or Enter, or press ? or * to list all spells.
You erupt in a blast of force!
The mystic blast hits the hound.
You kill the hound!
The mystic blast hits the orc wizard.
The orc wizard is moderately wounded.
The orc wizard is knocked back by the mystic blast.
The orc wizard slams into the stone wall!
The orc wizard is heavily wounded.
The orc wizard gestures at you while chanting.
The puff of flame hits you but does no damage.
Your Dodging skill increases to level 7!
The orc wizard gestures wildly while chanting.
The orc wizard flickers and vanishes!
Deactivating autopickup; reactivate with Ctrl-A.
You aren't carrying any potions.
Unknown command.
You hit something. You completely miss something. Your punch misses something.
Something hits you but does no damage.
You barely miss something. Something hits you but does no damage.
You barely miss something.
You hear some strange, mumbled words.
A magic dart appears from out of thin air!
The magic dart hits you!
You die...

#.. ∆..#.#
.......#. #.#.#
........ # #.#.#
......# # #.#.#
#..... # #.#.#
#<..# # ####.#.#
#..#
####....#.#####{)#
.............)).@#
.............)..##
#################


There were no monsters in sight!

Vanquished Creatures
  Grinder (D:3)
  A hound (D:4)
  An orc priest (D:4)
  Jessica (D:2)
  Terence (D:2)
  Robin (D:2)
  3 adders
  A white imp (D:3)
  4 worms
  3 orcs (D:4)
  3 ball pythons (D:3)
  3 endoplasms
  3 giant cockroaches
  10 goblins
  7 hobgoblins
  4 jackals (D:3)
  4 bats
  4 frilled lizards
  2 kobolds (D:1)
  5 rats
62 creatures vanquished.

Vanquished Creatures (others)
  A goblin (D:2)
1 creature vanquished.

Grand Total: 63 creatures vanquished

Notes
Turn   | Place    | Note
-------+----------+-------------------------------------------
     0 | D:1      | Ijustatesigmund the Gnoll Conjurer began the quest for the
                  | Orb.
     0 | D:1      | Reached XP level 1. HP: 13/13 MP: 6/6
   304 | D:1      | Reached XP level 2. HP: 12/19 MP: 7/7
   340 | D:1      | Learned a level 2 spell: Searing Ray
   886 | D:2      | Reached skill level 5 in Spellcasting
   886 | D:2      | Reached XP level 3. HP: 25/25 MP: 7/9
   926 | D:2      | Found an ancient bone altar of Kikubaaqudgha.
  1015 | D:2      | Noticed Terence
  1034 | D:2      | Killed Terence
  1035 | D:2      | Reached skill level 1 in Fighting
  1035 | D:2      | Reached skill level 1 in Short Blades
  1035 | D:2      | Reached skill level 1 in Long Blades
  1035 | D:2      | Reached skill level 1 in Axes
  1035 | D:2      | Reached skill level 1 in Maces & Flails
  1035 | D:2      | Reached skill level 1 in Polearms
  1035 | D:2      | Reached skill level 1 in Staves
  1035 | D:2      | Reached skill level 1 in Ranged Weapons
  1035 | D:2      | Reached skill level 1 in Throwing
  1035 | D:2      | Reached skill level 1 in Armour
  1035 | D:2      | Reached skill level 1 in Shields
  1035 | D:2      | Reached skill level 1 in Unarmed Combat
  1035 | D:2      | Reached skill level 1 in Invocations
  1035 | D:2      | Reached skill level 1 in Evocations
  1089 | D:2      | Reached XP level 4. HP: 28/32 MP: 8/11
  1149 | D:2      | Learned a level 4 spell: Iskenderun's Mystic Blast
  1639 | D:2      | Noticed Robin
  1647 | D:2      | Killed Robin
  1648 | D:2      | Reached skill level 1 in Hexes
  1648 | D:2      | Reached skill level 1 in Summonings
  1648 | D:2      | Reached skill level 1 in Necromancy
  1648 | D:2      | Reached skill level 1 in Translocations
  1648 | D:2      | Reached skill level 1 in Transmutations
  1648 | D:2      | Reached skill level 1 in Fire Magic
  1648 | D:2      | Reached skill level 1 in Ice Magic
  1648 | D:2      | Reached skill level 1 in Air Magic
  1648 | D:2      | Reached skill level 1 in Earth Magic
  1648 | D:2      | Reached skill level 1 in Poison Magic
  2055 | D:2      | Noticed Jessica
  2058 | D:2      | Killed Jessica
  2059 | D:2      | Reached XP level 5. HP: 23/37 MP: 8/12
  2303 | D:3      | Identified the +0 leather armour "Ulu Neon" {Slay+5}
  2337 | D:3      | Found a faded altar of an unknown god.
  2423 | D:3      | Noticed Grinder
  2433 | D:3      | Paralysed by Grinder for 2 turns
  2622 | D:2      | Learned a level 3 spell: Mephitic Cloud
  2790 | D:3      | Killed Grinder
  2791 | D:3      | Reached skill level 5 in Dodging
  2791 | D:3      | Reached XP level 6. HP: 17/44 MP: 1/14
  3465 | D:4      | Reached skill level 5 in Fighting
  3465 | D:4      | Reached skill level 5 in Short Blades
  3465 | D:4      | Reached skill level 5 in Long Blades
  3465 | D:4      | Reached skill level 5 in Axes
  3465 | D:4      | Reached skill level 5 in Maces & Flails
  3465 | D:4      | Reached skill level 5 in Polearms
  3465 | D:4      | Reached skill level 5 in Staves
  3465 | D:4      | Reached skill level 5 in Ranged Weapons
  3465 | D:4      | Reached skill level 5 in Throwing
  3465 | D:4      | Reached skill level 5 in Armour
  3465 | D:4      | Reached skill level 5 in Shields
  3465 | D:4      | Reached skill level 5 in Unarmed Combat
  3465 | D:4      | Reached skill level 8 in Conjurations
  3465 | D:4      | Reached skill level 5 in Invocations
  3465 | D:4      | Reached skill level 5 in Evocations
  3465 | D:4      | Reached XP level 7. HP: 25/56 MP: 1/17
  3495 | D:4      | HP: 2/56 [orc wizard/+0 dagger (2)]
  3501 | D:4      | Killed from afar by an orc wizard

Illustrated notes

Levels and vault maps discovered:
D:1:      saegor_arrival_under_anarchy, layout_basic
D:2:      layout_basic, basic_altar, nicolae_hexahallways, uniq_jessica,
          uniq_robin, uniq_terence
D:3:      layout_rooms, shapermc_ecumenical_altar_venn, lightli_corner_chamber,
          uniq_grinder
D:4:      layout_loops_ring

Skill      XL: |  1  2  3  4  5  6  7 |
---------------+----------------------+-----
Spellcasting   | 5 7 |  7.2
Fighting       | 1 2 5 |  5.1
Short Blades   | 1 2 5 |  5.1
Long Blades    | 1 2 5 |  5.1
Axes           | 1 2 5 |  5.1
Maces & Flails | 1 2 5 |  5.1
Polearms       | 1 2 5 |  5.1
Staves         | 1 2 5 |  5.1
Ranged Weapons | 1 2 5 |  5.1
Throwing       | 1 2 5 |  5.1
Armour         | 1 2 5 |  5.1
Shields        | 1 2 5 |  5.1
Unarmed Combat | 1 2 5 |  5.1
Invocations    | 1 2 5 |  5.6
Evocations     | 1 2 5 |  5.1
Hexes          | 1 4 |  4.2
Summonings     | 1 4 |  4.2
Necromancy     | 1 4 |  4.2
Translocations | 1 4 |  4.2
Transmutations | 1 4 |  4.2
Fire Magic     | 1 4 |  4.2
Ice Magic      | 1 4 |  4.2
Air Magic      | 1 4 |  4.2
Earth Magic    | 1 4 |  4.2
Poison Magic   | 1 4 |  4.2
Dodging        | 5 6 7 |  7.0
Stealth        | 6 |  6.7
Conjurations   | 8 |  8.4

Action                     |  1- 3 |  4- 6 |  7- 9 || total
---------------------------+-------+-------+-------++-------
  Melee: Spear             |    66 |   134 |    25 ||   225
         Bite              |     7 |    13 |     3 ||    23
         Punch             |       |     2 |       ||     2
   Cast: Magic Dart        |     8 |     2 |       ||    10
         Searing Ray       |     3 |     8 |       ||    11
         Iskenderun's Myst |       |     6 |     1 ||     7
         Mephitic Cloud    |       |     1 |       ||     1
    Use: Potion            |     3 |     5 |     4 ||    12
         Scroll            |       |     8 |       ||     8
   Stab: Sleeping          |     7 |     5 |       ||    12
 Armour: Robe              |    11 |    13 |    21 ||    45
  Dodge: Dodged            |    36 |    93 |    32 ||   161

Table legend: (Time is in decaauts)
 A = Elapsed time spent in this place.
 B = Non-inter-level travel time spent in this place.
 C = Inter-level travel time spent in this place.
 D = Time resting spent in this place.
 E = Time spent auto-exploring this place.
 F = Levels seen in this place.
 G = Mean time per level.
                   A        B        C        D        E       F      G
               +--------+--------+--------+--------+--------+-----+--------+
         Total |   3518 |   3422 |     96 |   1022 |   1861 |   4 |  879.5 |
       Dungeon |   3518 |   3422 |     96 |   1022 |   1861 |   4 |  879.5 |
               +--------+--------+--------+--------+--------+-----+--------+

Top non-repeatable levels by time:
     D:2: 1892 daAuts
     D:1: 847 daAuts
     D:3: 697 daAuts
     D:4: 81 daAuts
